 Dungeon Crawl Stone Soup version 0.22-a0-448-g1fb7470005 (webtiles) character file.

145 Oravi the Changer (level 5, -7/37 HPs)
             Began as a Merfolk Transmuter on June 4, 2018.
             Mangled by Pikel
             ... wielding a +0 whip of freezing
              (11 damage)
             ... on level 3 of the Dungeon.
             The game lasted 00:10:06 (2770 turns).

Oravi the Changer (Merfolk Transmuter)              Turns: 2770, Time: 00:10:07

Health: -7/37      AC:  2    Str: 10    XL:     5   Next: 27%
Magic:  6/8        EV: 21    Int: 14    God:
Gold:   71         SH:  0    Dex: 19    Spells: 2/8 levels left

rFire    . . .     SeeInvis .     - Unarmed
rCold    . . .     Gourm    .   (shield currently unavailable)
rNeg     . . .     Faith    .   (armour currently unavailable)
rPois    x         Spirit   .   (helmet currently unavailable)
rElec    .         Reflect  .   (cloak currently unavailable)
rCorr    .         Harm     .   (gloves currently unavailable)
MR       .....                  (boots currently unavailable)
Stlth    ++........             (no amulet)
HPRegen  0.12/turn              (no ring)
MPRegen  0.11/turn              (no ring)

@: spider-form (expiring)
A: tiny, (change form in water), (swift swim), (stealthy swim)
a: End Transformation


You were on level 3 of the Dungeon.
You were not hungry.
You were a venomous arachnid creature.
You visited 1 branch of the dungeon, and saw 4 of its levels.

You collected 71 gold pieces.

Inventory:

Missiles
 a - 46 arrows
 q - 2 tomahawks (quivered)
Armour
 b - a +0 robe (melded)
 e - a +0 cloak (melded)
 j - a +0 pair of boots (melded)
 v - a +0 hat (melded)
Magical Staves
 u - an uncursed staff of conjuration {unknown}
Jewellery
 r - an uncursed amulet of rage {unknown}
Scrolls
 g - 3 scrolls of remove curse {unknown}
 k - a scroll of blinking {unknown}
 m - a scroll of fear {unknown}
 o - a scroll of teleportation {unknown}
 t - 2 scrolls of identify {unknown}
Potions
 c - 2 potions of curing {unknown}
 f - a potion of haste {unknown}
 h - a potion of magic {unknown}
 i - a potion of heal wounds {unknown}
 l - 2 potions of might {unknown}
 n - a potion of ambrosia {unknown}
 p - a potion of lignification {unknown}
Comestibles
 d - 6 rations
 s - a chunk of flesh


   Skills:
 - Level 1.1 Fighting
 - Level 2.6 Dodging
 - Level 3.2 Unarmed Combat
 - Level 2.0 Spellcasting
 - Level 6.0 Transmutations
 + Level 2.7 Poison Magic


You had 2 spell levels left.
You knew the following spells:

 Your Spells              Type           Power        Failure   Level  Hunger
a - Spider Form           Tmut/Pois      ##........   28%         3    ####...
b - Sticks to Snakes      Tmut           ###.....     11%         2    ###....
c - Beastly Appendage     Tmut           ###...       8%          1    ##.....

Your spell library contained the following spells:

 Spells                   Type           Power        Failure   Level  Hunger
 Blade Hands              Tmut           ###.......   71%         5    ######.
 Ice Form                 Ice/Tmut       #.......     77%         4    #####..


Dungeon Overview and Level Annotations

Branches:
Dungeon (4/15)
 Temple: D:4-7

Altars:
Dithmenos
Fedhas
Gozag
Makhleb

Annotations:
D:3 Pikel
D:4 brujo666's ghost, novice OgHu


Message History

Your transformation is almost over.
You completely miss the giant cockroach.
The giant cockroach bites you.
You bite the giant cockroach!
You kill the giant cockroach!
You barely miss Pikel. Pikel closely misses you.
You hit Pikel.
Pikel is poisoned.
Pikel is lightly wounded.
Pikel hits you with a whip of freezing! Pikel freezes you.
You bite Pikel!
Pikel looks as sick as possible!
Pikel is moderately wounded.
Pikel hits you with a whip of freezing!
* * * LOW HITPOINT WARNING * * *
Pikel freezes you.
* * * LOW HITPOINT WARNING * * *
You completely miss Pikel.
Pikel is heavily wounded.
Pikel waves his whip at you. Pikel hits you with a whip of freezing!
You die...

#### ...## ....############
...............#######
....####..>...pKs....#
.<.########.##.##.##.#
............#........#
..###########..#.....###########
#.####### #..#...............#
........# ########.#########.#
#.#####.# ##.__###.# #.# #.# #.#
#.....##.## #.# #.# #>#
###..###..# #.#


You could see Pikel and a slave.

Vanquished Creatures
  A crimson imp (D:2)
  3 adders
  2 oozes
  A worm (D:2)
  2 dart slugs
  A leopard gecko (D:1)
  4 orcs (D:3)
  2 giant cockroaches
  5 hobgoblins
  7 jackals (D:2)
  6 kobolds
  2 quokkas
  A ball python (D:3)
  5 bats
  8 frilled lizards
  8 goblins
  7 rats
65 creatures vanquished.

Notes
Turn   | Place    | Note
-------+----------+-------------------------------------------
     0 | D:1      | Oravi the Merfolk Transmuter began the quest for the Orb.
     0 | D:1      | Reached XP level 1. HP: 15/15 MP: 3/3
    45 | D:1      | Reached skill level 3 in Transmutations
   290 | D:1      | Reached XP level 2. HP: 18/21 MP: 3/5
   352 | D:1      | Reached skill level 4 in Transmutations
   927 | D:1      | Reached XP level 3. HP: 26/26 MP: 4/6
  1142 | D:2      | Reached skill level 5 in Transmutations
  1142 | D:2      | Reached XP level 4. HP: 31/32 MP: 5/7
  1146 | D:2      | Learned a level 2 spell: Sticks to Snakes
  1150 | D:2      | Learned a level 3 spell: Spider Form
  1160 | D:2      | Found a shadowy altar of Dithmenos.
  1530 | D:2      | Reached skill level 6 in Transmutations
  1530 | D:2      | Reached skill level 1 in Poison Magic
  1627 | D:2      | Found a burning altar of Makhleb.
  2007 | D:3      | Reached XP level 5. HP: 37/37 MP: 4/8
  2036 | D:3      | Found a blossoming altar of Fedhas.
  2036 | D:3      | Found an opulent altar of Gozag.
  2722 | D:4      | Noticed brujo666's ghost (novice OgHu)
  2754 | D:4      | Noticed Pikel
  2754 | D:4      | Noticed a slave
  2754 | D:4      | Noticed a slave
  2754 | D:4      | Noticed a slave
  2754 | D:4      | Noticed a slave
  2770 | D:3      | Mangled by Pikel

Vault maps used:
D:1:      lightli_arrival_quake, minmay_misc_feat_iff
D:2:      nicolae_overflow_crystal_walls, lemuel_round_altar
D:3:      minitemple
D:4:      uniq_pikel, uniq_edmund

Skill      XL: |  1  2  3  4 |
---------------+-------------+-----
Transmutations | 3 4 5 6 |  6.0
Poison Magic   | 2 |  2.7
Fighting       | |  1.1
Dodging        | |  2.6
Unarmed Combat | |  3.2
Spellcasting   | |  2.0

Action                   |  1- 3 |  4- 6 || total
-------------------------+-------+-------++-------
Melee: Unarmed           |    98 |   105 ||   203
       Headbutt          |    12 |     1 ||    13
       Punch             |     2 |       ||     2
 Cast: Beastly Appendage |    15 |     4 ||    19
       Spider Form       |       |    19 ||    19
  Eat: Chunk             |     1 |     8 ||     9
Armor: Robe              |    10 |    10 ||    20
       Skin              |       |     6 ||     6
Dodge: Dodged            |    57 |    92 ||   149

Table legend:
 A = Spawn XP
 B = Non-spawn XP
 C = Spawn XP percentage of total XP
 D = Spawn monster count
 E = Non-spawn monster count
 F = Spawn count percentage of total count
 G = Total turns spent on level
                    A         B        C        D         E        F      G
               +---------+---------+-------+---------+---------+-------+---------
         Total |       0 |     208 |   0.0 |       0 |      65 |   0.0 |  2770
               +---------+---------+-------+---------+---------+-------+---------
           D:1 |       0 |      45 |   0.0 |       0 |      27 |   0.0 |  1113
           D:2 |       0 |     115 |   0.0 |       0 |      23 |   0.0 |   879
           D:3 |       0 |      43 |   0.0 |       0 |      12 |   0.0 |   627
           D:4 |       0 |       5 |   0.0 |       0 |       3 |   0.0 |   151
               +---------+---------+-------+---------+---------+-------+---------
